 Dungeon Crawl Stone Soup version 0.27.1 (webtiles) character file.

Game seed: 16489093482492784877

1002 Descartes the Ruffian (level 8, -3/66 HPs)
             Began as a Troll Chaos Knight on Sept 4, 2021.
             Was a Plaything of Xom.
             Slain by a hornet (9 damage)
             ... on level 6 of the Dungeon.
             The game lasted 00:07:04 (3909 turns).

Descartes the Ruffian (Troll Chaos Knight)          Turns: 3909, Time: 00:07:05

Health: -3/66      AC:  7    Str: 21    XL:     8   Next: 0%
Magic:  7/7        EV: 11    Int:  8    God:    Xom [*.....]
Gold:   316        SH:  0    Dex: 11    Spells: 4/7 levels left

rFire    . . .     SeeInvis +   x - +2 giant club (chaos)
rCold    . . .     Faith    +   (shield currently unavailable)
rNeg     . . .     Spirit   .   a - +2 robe
rPois    .         Reflect  .   (helmet restricted)
rElec    .         Harm     .   t - +0 cloak
rCorr    .         Rampage  .   (gloves unavailable)
Will     .....                  (boots unavailable)
Stlth    +.........             r - amulet of faith
HPRegen  1.21/turn              s - +4 ring of slaying
MPRegen  0.10/turn              w - ring of see invisible

@: lethally poisoned (-3 -> -6), slowed, very slow
A: large, unfitting armour, claws 3, regeneration 1, shaggy fur 1, tough skin 1,
frail 1
a: Renounce Religion


You were on level 6 of the Dungeon.
You worshipped Xom.
You were a special plaything of Xom.
You visited 2 branches of the dungeon, and saw 7 of its levels.

You collected 316 gold pieces.

Inventory:

Hand Weapons
 i - a +2 dagger of draining
 x - a +2 giant club of chaos (weapon)
Missiles
 g - a throwing net (quivered)
 p - 17 poisoned darts
Armour
 a - a +2 robe (worn)
 d - a scarf of shadows
 t - a +0 cloak (worn)
Jewellery
 r - an amulet of faith (around neck)
 s - a +4 ring of slaying (left claw)
 w - a ring of see invisible (right claw)
Scrolls
 c - 3 scrolls of identify {unknown}
 h - a scroll of fog {unknown}
 k - a scroll of immolation {unknown}
 l - a scroll of enchant weapon {unknown}
 m - a scroll of blinking {unknown}
 u - a scroll of teleportation {unknown}
 v - a scroll of amnesia {unknown}
Potions
 b - a potion of magic {unknown}
 e - 2 potions of cancellation {unknown}
 f - a potion of curing {unknown}
 j - a potion of lignification {unknown}
 n - a potion of invisibility {unknown}
 o - a potion of heal wounds {unknown}
 q - 2 potions of brilliance {unknown}


   Skills:
 - Level 2.4 Fighting
 + Level 1.9 Maces & Flails
 + Level 5.0 Dodging
 - Level 6.0 Unarmed Combat
 + Level 3.2 Translocations


You had 4 spell levels left.
You knew the following spells:

 Your Spells              Type           Power      Damage    Failure   Level
a - Teleport Other        Tloc           5%         N/A       34%         3

Your spell library contained the following spells:

 Spells                   Type           Power      Damage    Failure   Level
 Blink                    Tloc           N/A        N/A       17%         2
 Gell's Gravitas          Tloc           2%         N/A       34%         3
 Summon Small Mammal      Summ           0%         N/A       41%         1
 Call Canine Familiar     Summ           0%         N/A       78%         3
 Summon Guardian Golem    Hex/Summ       0%         N/A       78%         3
 Manifold Assault         Tloc           5%         N/A       97%         5
 Dispersal                Tloc           2%         N/A       100%        6
 Storm Form               Tmut/Air       0%         N/A       100%        7


Dungeon Overview and Level Annotations

Branches:
Dungeon (6/15)             Temple (1/1) D:4

Altars:
Ashenzari
Cheibriados
Kikubaaqudgha
Makhleb
Okawaru
Ru
Sif Muna
Uskayaw
Wu Jian
Xom
Zin
The Shining One

Shops:
D:1 (


Innate Abilities, Weirdness & Mutations

You are too large for most types of armour.
You have claws for hands.
Your natural rate of healing is unusually fast.
You are covered in fur. (AC +1)
You have tough skin. (AC +1)
You are frail. (-10% HP)


Message History

You open the large door.
There is a large open door here.
You open the door.
There is an open door here.
A black bear comes into view.
The black bear growls angrily. "This might be better!"
The black bear evaporates and reforms as a hornet!
You are now a special plaything of Xom.
You hit the hornet.
The hornet is lightly wounded.
The hornet stings you.
You feel yourself slow down. The hornet stings you!
You suddenly lose the ability to move!
The hornet stings you!
You feel as though you will be slow longer.
The hornet stings you!
You are poisoned.
You feel as though you will be slow longer.
You can move again.
You hit the hornet.
The hornet is lightly wounded.
You feel very sick. The hornet stings you!
* * * LOW HITPOINT WARNING * * *
You are more poisoned.
You feel as though you will be slow longer.
The hornet stings you.
* * * LOW HITPOINT WARNING * * *
You feel as though you will be slow longer.
The hornet closely misses you.
You closely miss the hornet.
The hornet is lightly wounded.
* * * LOW HITPOINT WARNING * * *
You feel extremely sick. The hornet barely misses you. The hornet stings you.
* * * LOW HITPOINT WARNING * * *
You feel as though you will be slow longer.
The hornet stings you!
You die...
Xom chuckles heartily!

#. # #. ##
#.#.#####+##
#.
###.#........#
..
.............#
.
.............#
............#
#...@y...#
#........#
#........#
#.#####+##
#.......##
#........#
##.###.###
#.#.....###.
..#..........


You could see a hornet.

Vanquished Creatures
  A water moccasin (D:5)
  A sky beast (D:5)
  An ogre (D:5)
  A centaur (D:6)
  A phantom (D:5)
  Blork the orc (D:6)
  A gnoll shaman (D:5)
  A jelly (D:4)
  A hound (D:6)
  A bullfrog skeleton (D:5)
  A centaur skeleton (D:4)
  2 iguanas
  A hound skeleton (D:4)
  Robin (D:2)
  8 adders
  9 gnolls (D:5)
  A white imp (D:6)
  An ufetubus (D:5)
  An adder skeleton (D:5)
  2 dart slugs
  13 orcs
  6 bats
  5 endoplasms
  A giant cockroach (D:1)
  12 goblins
  10 hobgoblins
  6 jackals (D:4)
  4 kobolds
  5 quokkas
  5 ball pythons
  2 frilled lizards
  4 rats
110 creatures vanquished.

Notes
Turn   | Place    | Note
-------+----------+-------------------------------------------
     0 | D:1      | Descartes the Troll Chaos Knight began the quest for the
                  | Orb.
     0 | D:1      | Reached XP level 1. HP: 22/22 MP: 0/0
   110 | D:1      | Reached XP level 2. HP: 29/29 MP: 1/1
   366 | D:1      | Found Roijeic's Antique Weapon Shop.
   630 | D:1      | Reached XP level 3. HP: 36/36 MP: 2/2
   659 | D:1      | XOM: silly message
   681 | D:1      | XOM: divination: detect creatures
   789 | D:2      | XOM: silly message
   963 | D:2      | Reached skill level 4 in Unarmed Combat
   968 | D:2      | XOM is BORED!
   968 | D:2      | XOM: noise
  1006 | D:2      | XOM: cloud trail
  1040 | D:2      | Reached XP level 4. HP: 44/44 MP: 3/3
  1047 | D:2      | Noticed Robin
  1053 | D:2      | XOM: potion effect (curing)
  1066 | D:2      | Killed Robin
  1316 | D:3      | Learned a level 3 spell: Teleport Other
  1404 | D:3      | Found a faded altar of an unknown god.
  1696 | D:3      | XOM: 5-stop teleportation journey
  2044 | D:3      | XOM is BORED!
  2044 | D:3      | XOM: stat loss: -1 Str (19/20)
  2064 | D:4      | Reached XP level 5. HP: 41/50 MP: 4/4
  2088 | D:4      | Found a staircase to the Ecumenical Temple.
  2100 | Temple   | Entered the Ecumenical Temple
  2221 | D:4      | XOM: 6-stop teleportation journey
  2225 | D:4      | XOM: give mutations
  2225 | D:4      | Gained mutation: You are frail. (-10% HP) [Xom's mischief]
  2270 | D:4      | Reached skill level 1 in Translocations
  2349 | D:4      | XOM: smoke on damage
  2437 | D:4      | XOM: noise
  2658 | D:4      | XOM: torment (24/45 hp)
  2772 | D:5      | Entered Level 5 of the Dungeon
  2808 | D:5      | Reached skill level 5 in Unarmed Combat
  2808 | D:5      | Reached XP level 6. HP: 43/53 MP: 5/5
  2843 | D:5      | Noticed a sky beast
  2851 | D:5      | Killed a sky beast
  2909 | D:5      | Noticed a water moccasin
  2920 | D:5      | Killed a water moccasin
  2921 | D:5      | Reached XP level 7. HP: 38/59 MP: 6/6
  2967 | D:5      | XOM: give mutation
  2977 | D:5      | XOM: give mutation
  2977 | D:5      | Lost mutation: You are frail. (-10% HP) [Xom's mischief]
  3136 | D:5      | XOM: give mutation
  3136 | D:5      | Gained mutation: You are frail. (-10% HP) [Xom's mischief]
  3221 | D:5      | XOM: 3-stop teleportation journey
  3306 | D:5      | XOM: stat loss: -1 Str (20/21)
  3362 | D:5      | XOM: torment (31/59 hp)
  3426 | D:5      | XOM: chaos upgrade
  3427 | D:5      | XOM: butterfly on damage
  3686 | D:5      | Reached skill level 6 in Unarmed Combat
  3772 | D:6      | Noticed Blork the orc
  3777 | D:6      | Killed Blork the orc
  3778 | D:6      | Reached skill level 1 in Maces & Flails
  3794 | D:6      | Reached skill level 5 in Dodging
  3794 | D:6      | Reached XP level 8. HP: 20/66 MP: 7/7
  3905 | D:6      | Noticed a hornet
  3905 | D:6      | a black bear changed into a hornet
  3905 | D:6      | XOM: polymorph black bear -> hornet
  3906 | D:6      | Paralysed by a hornet for 2 turns
  3909 | D:6      | Slain by a hornet

Illustrated notes

Levels and vault maps discovered:
D:1:      evilmike_arrival_plus, layout_basic, serial_shops, nicolae_shop_trees,
          minmay_tetromino_l4
D:2:      layout_basic, uniq_robin
D:3:      layout_basic, chequers_ecumenical_altar_island
D:4:      layout_cave_pools, minmay_temple_entry_arrows,
          chequers_serial_rivers_large_b
D:5:      layout_basic
D:6:      layout_basic, kennysheep_dice, uniq_blork_the_orc, uniq_pikel
Temple:   nicolae_temple_x_marks_the_god

Skill      XL: |  1  2  3  4  5  6  7 |
---------------+----------------------+-----
Dodging        | 2 3 4 5 |  5.0
Unarmed Combat | 4 5 6 |  6.0
Translocations | 1 2 3 |  3.2
Maces & Flails | 1 |  1.9
Fighting       | |  2.4

Action                   |  1- 3 |  4- 6 |  7- 9 || total
-------------------------+-------+-------+-------++-------
Melee: Unarmed           |    73 |   169 |    10 ||   252
       Punch             |       |     4 |       ||     4
       Giant club        |       |       |    40 ||    40
 Stab: Sleeping          |     1 |     1 |       ||     2
Armor: Robe              |    34 |    66 |    33 ||   133
Dodge: Dodged            |    50 |   102 |    59 ||   211
